 Dungeon Crawl Stone Soup version 0.29.1-12-g30fa7ad0bf (webtiles) character file.

Game seed: 2769693967627010556

16 FexLirch the Trooper (level 2, 0/25 HPs)
             Began as a Palentonga Fighter on Dec 30, 2022.
             Slain by a gnoll
             ... wielding a +0 club
              (7 damage)
             ... on level 1 of the Dungeon.
             The game lasted 00:00:25 (474 turns).

FexLirch the Trooper (Palentonga Fighter)            Turns: 474, Time: 00:00:26

Health: 0/25       AC:  6    Str: 21    XL:     2   Next: 41%
Magic:  2/2        EV:  7    Int:  8    God:
Gold:   0          SH:  4    Dex:  9    Spells: 1/1 levels left

rFire   . . .      SeeInvis +   a - +0 flail
rCold   . . .      Faith    .   c - +0 buckler
rNeg    . . .      Spirit   .   b - +0 scale mail
rPois   .          Reflect  .   (no helmet)
rElec   .          Harm     .   (no cloak)
rCorr   .          Rampage  .   (no gloves)
Will    .....                   (no barding)
Stlth   ..........              (no amulet)
HPRegen 0.08/turn               (no ring)
MPRegen 0.08/turn               (no ring)

@: no status effects
A: large, rugged brown scales 3, see invisible, deformed body, roll 1, armoured
tail
a: Rolling Charge


You were on level 1 of the Dungeon.
You visited 1 branch of the dungeon, and saw 1 of its levels.

Inventory:

Hand Weapons
 a - a +0 flail (weapon)
Armour
 b - a +0 scale mail (worn)
 c - a +0 buckler (worn)
Scrolls
 f - a scroll of amnesia {unknown}
 g - a scroll of poison {unknown}
Potions
 d - a potion of might
 e - a potion of resistance {unknown}
 h - a potion of magic {unknown}


   Skills:
 + Level 3.2 Fighting
 * Level 2.6 Maces & Flails
 - Level 2.4 Armour
 + Level 2.9 Shields


You had one spell level left.
You didn't know any spells.
Your spell library contained the following spells:

 Spells                   Type           Power      Damage    Failure   Level
 Gell's Gravitas          Tloc           0%         N/A       99%         3
 Teleport Other           Tloc           0%         N/A       99%         3
 Dispersal                Tloc           0%         N/A       100%        6


Dungeon Overview and Level Annotations

Branches:
Dungeon (1/15)

Altars:

Shops:
D:1 (!


Innate Abilities, Weirdness & Mutations

You are completely covered in rugged brown scales. (AC +3, +7% HP)
You have supernaturally acute eyesight. (SInv)
Armour fits poorly on your strangely shaped body.
You can roll at nearby foes to attack.
You have a long armoured tail.


Message History

You kill the endoplasm!
h - a blue potion No target in view!
No target in view!
Found a stone staircase leading down.
No target in view!
There is a stone staircase leading down here.
You open the door.
A dart slug comes into view.
Found a short sword and a large jasper amulet.
You hit the dart slug.
The dart slug is heavily wounded.
The dart slug barely misses you.
A dart slug is nearby!
You sock the dart slug!
You kill the dart slug!
A gnoll comes into view. It is wielding a +0 club.
The gnoll shouts!
There is an open door here.
You see here a dart slug corpse.
A gnoll is nearby!
A gnoll is nearby!
The gnoll hits you with a +0 club.
You see here a +0 short sword.
A gnoll is nearby!
You barely miss the gnoll. The gnoll hits you with a +0 club.
A gnoll is nearby!
You are too injured to fight recklessly!
A gnoll is nearby!
You are too injured to fight recklessly!
You are too injured to fight recklessly!
A gnoll is nearby!
You hit the gnoll.
The gnoll is moderately wounded.
The gnoll hits you with a +0 club. x2
* * * LOW HITPOINT WARNING * * *
You barely miss the gnoll.
The gnoll is moderately wounded.
The gnoll hits you with a +0 club!
You die...

##.....##.#.# #.# ###'######
##.......#.# #.# #..##...
#.........# #+## ###)##.##
###.#########...## #......# ##.##
##...".## #.#.#..## ###...##
##.......###.#......
####......####.........##.#....#.
.............†.........+.......#.
####..†...####..@g.....####....#.
##....## ##.......## ##.#...
#.#.## ##.....## #####. #.###
##...## #. #.# #+## ##. #.#
##.####### ##.. ##.## ##........#
#... ##.#.## #...###.#.# #...
##.###.########'#.###.#.# #.#.


You could see a gnoll.

Vanquished Creatures
  2 dart slugs (D:1)
  2 ball pythons (D:1)
  An endoplasm (D:1)
  A goblin (D:1)
  2 bats (D:1)
  A frilled lizard (D:1)
  2 kobolds (D:1)
  2 rats (D:1)
13 creatures vanquished.

Notes
Turn   | Place    | Note
-------+----------+-------------------------------------------
     0 | D:1      | FexLirch the Palentonga Fighter began the quest for the
                  | Orb.
     0 | D:1      | Reached XP level 1. HP: 19/19 MP: 1/1
   106 | D:1      | Found Zaekkicu's Distillery.
   199 | D:1      | Found Ixtaich's Antique Weapon Emporium.
   328 | D:1      | Reached XP level 2. HP: 25/25 MP: 2/2
   474 | D:1      | Slain by a gnoll

Illustrated notes

Levels and vault maps discovered:
D:1:      shiori_arrival_maze, layout_loops_corners, serial_shops,
          nicolae_shop_statue_plus, shop, chequers_serial_rivers_room_b,
          corexii_corridor_pit

Action                   || total
-------------------------++-------
Melee: Flail             ||    33
       Tailslap          ||     1
Armor: Scale mail        ||    17
Dodge: Dodged            ||    11
Block: Buckler           ||     7
